Description

从第三波红点开始,红点刷新位置为随机。

Build Order

Get SALT Encoding   

  1  3:45  Action 上(右)  
  2  6:30  Action 右(上)  
  3  10:00  Action 左/下  
  4  14:00  Action 上/右  
  5  17:12  Action 左/下  
  6  20:00  Action 上/右  
  7  24:00  Action 上/右,进攻玩家部队  
  8  27:00  Action 上/右  
  9  30:00  Action 上/右  
Spawning Tool Build Advisor. Get it on Overwolf

Go to:

Details

  • Created by: DCpro
  • Published on: Aug 09, 2021
  • Modified on: Aug 09, 2021
  • Patch: 4.11.0
  • Difficulty: Medium
Show
View Real Time Build Order
Export as new Build Order

Comments (0)

There are no comments. Be the first!

Create an account to comment!